[Event "*** SCC Grand Prix: Titled Tuesday Blitz"]
[Site "Chess.com"]
[Date "2020.09.29"]
[Round "2"]
[White "tomsishere"]
[Black "parnali1611"]
[Result "0-1"]
[WhiteElo "2339"]
[BlackElo "2113"]
[TimeControl "180+1"]
[EndTime "10:16:12 PDT"]
[Termination "parnali1611 won by checkmate"]

1. d4 d5 2. Nf3 Nf6 3. e3 e6 4. Be2 c5 5. O-O Nc6 6. b3 Bd6 7. Bb2 cxd4 8. exd4 O-O 9. Nbd2 b6 10.
Ne5 Bb7 11. Ndf3 Ne7 12. a3 Rc8 13. Bd3 Ne4 14. Re1 f6 15. Ng4 Qe8 16. c4 Qh5 17. Ne3 Nf5 18. Nxf5 exf5 19. cxd5 Bxd5 20. g3 Kh8 21. Rc1 Rxc1 22. Bxc1 Nc3 23. Qc2 Qxf3 24.
Qxc3 Qg2# 0-1

[Event "*** SCC Grand Prix: Titled Tuesday Blitz"]
[Site "Chess.com"]
[Date "2020.09.29"]
[Round "2"]
[White "korkmaz16"]
[Black "dodorox"]
[Result "0-1"]
[WhiteElo "2358"]
[BlackElo "2022"]
[TimeControl "180+1"]
[EndTime "10:16:16 PDT"]
[Termination "dodorox won by checkmate"]

1. e4 e6 2. d3 d5 3. Nd2 Nf6 4.
Ngf3 Nc6 5. e5 Nd7 6. d4 f6 7. exf6 Qxf6 8. c3 Bd6 9. Bd3 e5 10. dxe5 Ndxe5 11. Be2 O-O 12. O-O Bg4 13. h3 Bh5 14. Re1 Rae8 15. Nxe5 Qxe5 16. g3 Bxe2 17.
Qb3 Qh5 18. h4 Qf5 19. f4 Bc5+ 20. Kh2 Bf2 21. Rh1 Qg4 22. Nf1 Bxf1 23. Qxd5+ Kh8 24. Rg1 Bxg1+ 25. Kxg1 Qxg3+ 26. Kxf1 Re1# 0-1

[Event "*** SCC Grand Prix: Titled Tuesday Blitz"]
[Site "Chess.com"]
[Date "2020.09.29"]
[Round "2"]
[White "FairChess_on_YouTube"]
[Black "Nikolaj_6"]
[Result "1-0"]
[WhiteElo "2939"]
[BlackElo "2582"]
[TimeControl "180+1"]
[EndTime "10:16:17 PDT"]
[Termination "FairChess_on_YouTube won by resignation"]

1. d4 Nf6 2. c4 c5 3. d5 e6 4.
Nc3 exd5 5. cxd5 d6 6. e4 g6 7. Nf3 a6 8. a4 Bg4 9. Be2 Bxf3 10. Bxf3 Bg7 11. Bf4 O-O 12. O-O Ne8 13. Qb3 b6 14.
Bg4 Ra7 15. g3 Nd7 16. Rae1 Ne5 17. Be2 Nc7 18. Bc1 b5 19. f4 Nd7 20. e5 c4 21.
Qd1 dxe5 22. f5 Nc5 23. d6 Ne8 24. Be3 Qc8 25. Qd5 Nd3 26. Bxd3 Rd7 27. Be4 Rxd6 28.
Qb7 Qxb7 29. Bxb7 Nc7 30. Bc5 Rfd8 1-0

[Event "*** SCC Grand Prix: Titled Tuesday Blitz"]
[Site "Chess.com"]
[Date "2020.09.29"]
[Round "2"]
[White "Kaslask"]
[Black "Koksik_13"]
[Result "0-1"]
[WhiteElo "2357"]
[BlackElo "2658"]
[TimeControl "180+1"]
[EndTime "10:16:17 PDT"]
[Termination "Koksik_13 won on time"]

1. d4 e6 2. c4 d5 3. Nc3 a6 4.
cxd5 exd5 5. Bf4 c6 6. e3 Nf6 7.
h3 Bd6 8. Bxd6 Qxd6 9. Bd3 O-O 10.
Nf3 Nbd7 11. Qc2 Re8 12. O-O-O b5 13. Kb1 c5 14. dxc5 Nxc5 15. Nd4 Bd7 16. Bf5 b4 17. Bxd7 Qxd7 18. Nxd5 Qxd5 19. Nb3 Qxg2 20. Qxc5 Rac8 21. Qf5 Ne4 22. Rhf1 a5 23. Qg4 Qxg4 24. hxg4 a4 25. Nd4 a3 26. f3 Nd6 27. e4 Nc4 28. Rfe1 Nxb2 29. Rc1 Na4 30. Nb5 Rb8 31. Nd6 Red8 32. e5 b3 33. axb3 Rxb3+ 34. Ka2 Rxf3 35. e6 fxe6 36. Rxe6 Nc3+ 37. Ka1 a2 38. g5 Rb8 39.
Re8+ Rxe8 40. Nxe8 h5 0-1

[Event "*** SCC Grand Prix: Titled Tuesday Blitz"]
[Site "Chess.com"]
[Date "2020.09.29"]
[Round "2"]
[White "GoltsevDmitry2000"]
[Black "Fandorine"]
[Result "0-1"]
[WhiteElo "2568"]
[BlackElo "2906"]
[TimeControl "180+1"]
[EndTime "10:16:18 PDT"]
[Termination "Fandorine won by resignation"]

1. e4 e5 2. Nf3 Nc6 3. Bb5 a6 4.
Ba4 Nf6 5. O-O Be7 6. Re1 b5 7. Bb3 d6 8. c3 O-O 9. h3 Re8 10.
d4 Bb7 11. Bg5 h6 12. Bh4 Na5 13. Bc2 c5 14. d5 Nc4 15. b3 Nb6 16. Nbd2 Nh5 17.
Bxe7 Qxe7 18. g3 Nf6 19. Nf1 Bc8 20. g4 Nh7 21. Ng3 Ng5 22. Kg2 g6 23. Qd2 Kg7 24.
Nxg5 hxg5 25. Qe3 Bd7 26. Bd3 Rab8 27. Rh1 Rh8 28. Nf1 Qf6 29. Nd2 Qf4 30. Qxf4 exf4 31. f3 f6 32. Rh2 a5 33. Rah1 b4 34. Rc1 Rbc8 35. Rhh1 Ra8 36. Nc4 Nxc4 37. Bxc4 bxc3 38. Rxc3 a4 39. bxa4 Rhb8 40. Rb1 Rxb1 0-1

[Event "*** SCC Grand Prix: Titled Tuesday Blitz"]
[Site "Chess.com"]
[Date "2020.09.29"]
[Round "2"]
[White "WinstonSilvakov"]
[Black "Vamostodorecto"]
[Result "0-1"]
[WhiteElo "2134"]
[BlackElo "2401"]
[TimeControl "180+1"]
[EndTime "10:16:18 PDT"]
[Termination "Vamostodorecto won by checkmate"]

1. d4 Nf6 2. e3 g6 3. h4 d5 4. h5 Nxh5 5. Rxh5 gxh5 6. Qxh5 Bg7 7. Nf3 e6 8. c4 c6 9. Nc3 Nd7 10. e4 dxe4 11. Nxe4 Nf6 12. Qg5 Nxe4 13. Qxg7 Qf6 14. Qxf6 Nxf6 15. Bg5 Ne4 16. Bh4 Nd6 17. O-O-O Rg8 18.
d5 cxd5 19. cxd5 Nf5 20. Bf6 Bd7 21. dxe6 fxe6 22. Ne5 Rc8+ 23. Kb1 Ba4 24. b3 Bc6 25. g4 Ne7 26. Be2 Nd5 27. Nxc6 Rxc6 28. Bb5 Nxf6 29.
Bxc6+ bxc6 30. f3 Nd5 31. Kb2 Kd7 32. Rh1 Rg7 33. a3 Kd6 34. b4 Rf7 35. Rh3 c5 36. b5 c4 37. Kc2 Kc5 38. Rh6 Kxb5 39. Rxe6 Rxf3 40. Re5 Kc5 41. Rh5 Rf7 42. a4 Kd4 43. a5 Nb4+ 44. Kd2 c3+ 45. Kd1 c2+ 46. Kd2 Rf2+ 47. Ke1 Nd3# 0-1

[Event "*** SCC Grand Prix: Titled Tuesday Blitz"]
[Site "Chess.com"]
[Date "2020.09.29"]
[Round "2"]
[White "venus02"]
[Black "gumimis"]
[Result "1-0"]
[WhiteElo "2429"]
[BlackElo "2210"]
[TimeControl "180+1"]
[EndTime "10:16:20 PDT"]
[Termination "venus02 won by resignation"]

1. d4 Nf6 2. c4 c5 3. d5 b5 4.
cxb5 a6 5. e3 axb5 6. Bxb5 e6 7.
dxe6 fxe6 8. Nc3 Ba6 9. Nf3 Qa5 10. Bxa6 Qxa6 11. Qe2 d5 12. O-O Qxe2 13. Nxe2 Be7 14.
b3 O-O 15. Bb2 Nc6 16. Ne5 Nb4 17. a3 Nc2 18. Ra2 Nb4 19. Raa1 Nc2 20. Rac1 Nxa3 21.
Nf4 c4 22. bxc4 Nxc4 23. Nxc4 dxc4 24. Rxc4 Ra2 25. Bd4 Ne4 26. Ra1 Rxa1+ 27. Bxa1 Rb8 28. Rc1 Ba3 29. Rd1 Kf7 30. f3 Nc5 31. Be5 g5 32. Bxb8 1-0

[Event "*** SCC Grand Prix: Titled Tuesday Blitz"]
[Site "Chess.com"]
[Date "2020.09.29"]
[Round "2"]
[White "jefferyx"]
[Black "DenisQ"]
[Result "0-1"]
[WhiteElo "2941"]
[BlackElo "2612"]
[TimeControl "180+1"]
[EndTime "10:16:21 PDT"]
[Termination "DenisQ won by resignation"]

1. d4 d5 2. c4 c6 3. Nf3 Nf6 4. cxd5 cxd5 5. Nc3 Nc6 6. Bf4 Bf5 7. Qb3 Na5 8. Qa4+ Bd7 9. Qc2 Rc8 10. e3 e6 11. Bd3 Bb4 12. O-O O-O 13. Ne5 Nc6 14. a3 Bxc3 15. bxc3 h6 16. Rfb1 Nxe5 17. Bxe5 Bc6 18. Qe2 Nd7 19. Bg3 Nb6 20. Bc2 Qd7 21. Qd3 f5 22. Rb4 Ba4 23. Bb1 Rc6 24. Ba2 Rfc8 25.
Rc1 a5 26. Rb2 Nc4 27. Bxc4 Rxc4 28. Be5 Qc6 29. h4 b5 30. Kh2 Rxc3 31. Rxc3 Qxc3 32. Qxc3 Rxc3 33. Bd6 Rc2 34. Rxc2 Bxc2 35. Kg3 g5 36.
hxg5 hxg5 37. Be7 Kf7 38. Bc5 Ke8 39. f4 g4 40. Kh4 Kd7 41. g3 Kc6 42. Kg5 b4 43.
axb4 a4 44. b5+ Kxb5 45. Kf6 Kc4 46. Kxe6 Be4 0-1

[Event "*** SCC Grand Prix: Titled Tuesday Blitz"]
[Site "Chess.com"]
[Date "2020.09.29"]
[Round "2"]
[White "lucasmito"]
[Black "Evandro_Barbosa"]
[Result "0-1"]
[WhiteElo "2479"]
[BlackElo "2736"]
[TimeControl "180+1"]
[EndTime "10:16:22 PDT"]
[Termination "Evandro_Barbosa won on time"]

1. e4 c5 2. Nf3 e6 3. d4 cxd4 4. Nxd4 d6 5. Nc3 Nc6 6. Be3 Nf6 7. f3 Be7 8. Qd2 O-O 9. O-O-O d5 10. exd5 Nxd5 11. Nxd5 Qxd5 12. Kb1 Bf6 13. Nxc6 Qxc6 14. Bd3 Rd8 15. h4 e5 16. Qf2 Be6 17. g4 e4 18.
Bxe4 Qc4 19. c3 Qxa2+ 20. Kc1 Bb3 21. Bb1 Qa1 22. Rxd8+ Rxd8 0-1

[Event "*** SCC Grand Prix: Titled Tuesday Blitz"]
[Site "Chess.com"]
[Date "2020.09.29"]
[Round "2"]
[White "sofaceindisguise"]
[Black "stolencandy13"]
[Result "1-0"]
[WhiteElo "2710"]
[BlackElo "2464"]
[TimeControl "180+1"]
[EndTime "10:16:22 PDT"]
[Termination "sofaceindisguise won by resignation"]

1. c4 Nf6 2. Nf3 e6 3. g3 d5 4.
Bg2 g6 5. O-O Bg7 6. d4 O-O 7.
Qc2 c6 8. Nbd2 Nbd7 9. e4 dxe4 10. Nxe4 Nxe4 11. Qxe4 Re8 12. Bf4 Qb6 13. b3 a5 14. Rad1 a4 15. Qc2 axb3 16. axb3 Ra3 17. Rb1 c5 18. dxc5 Qxc5 19. Rfd1 e5 20. Bc1 Ra6 21.
Be3 Qc7 22. b4 Nb6 23. c5 Bf5 24. Qb3 Bxb1 25. Rxb1 Nd7 26. Ng5 Rf8 27. Bd5 Nf6 28.
Bc4 Raa8 29. b5 h6 30. Nf3 Ng4 31. b6 Qe7 32. Bd5 Rac8 33. Rc1 Nxe3 34. Qxe3 Rfd8 35. Ba2 e4 36. Nd2 Re8 37. Bd5 Bf8 38. Nxe4 Qe5 39. Qb3 Re7 40. Nd6 Rd8 41. Bxf7+ Kh8 42. Bxg6 Re6 43.
Nf7+ 1-0

[Event "*** SCC Grand Prix: Titled Tuesday Blitz"]
[Site "Chess.com"]
[Date "2020.09.29"]
[Round "2"]
[White "GMJustin"]
[Black "djano"]
[Result "0-1"]
[WhiteElo "2290"]
[BlackElo "2455"]
[TimeControl "180+1"]
[EndTime "10:16:22 PDT"]
[Termination "djano won on time"]

1. d4 g6 2. e4 Bg7 3. h4 c5 4. dxc5 Nf6 5. e5 Ng8 6. Nf3 Nc6 7.
h5 Nxe5 8. hxg6 hxg6 9. Rxh8 Bxh8 10. Nxe5 Bxe5 11. Qd5 Bg7 12. Bc4 e6 13. Qd6 Qh4 14. Na3 Ne7 15. c3 Nf5 16. Qf4 Qh1+ 17. Bf1 Bh6 18. Qe5 Bg7 19. Qf4 e5 20. Qe4 d5 21.
cxd6 Nxd6 22. Qd5 Nf5 23. Nb5 Be6 24. Nc7+ Kf8 25. Nxe6+ fxe6 26. Qxe6 Re8 27. Qxg6 Ne7 28. Qg5 Nd5 29. Be3 e4 0-1

[Event "*** SCC Grand Prix: Titled Tuesday Blitz"]
[Site "Chess.com"]
[Date "2020.09.29"]
[Round "2"]
[White "GalperinPlaton"]
[Black "GM_LOADING"]
[Result "1-0"]
[WhiteElo "2766"]
[BlackElo "2495"]
[TimeControl "180+1"]
[EndTime "10:16:23 PDT"]
[Termination "GalperinPlaton won by resignation"]

1. d4 Nf6 2. Nc3 d5 3. Bf4 c5 4. e3 cxd4 5. exd4 a6 6. Bd3 Nc6 7. Nge2 Bg4 8. Qd2 e6 9. Bg5 Rc8 10. Ng3 Nxd4 11. Qf4 Qb6 12. Bxf6 gxf6 13. O-O Rg8 14.
Rfe1 Be7 15. Bxh7 Rg7 16. Qh6 Kf8 17. Nxd5 exd5 18. Rxe7 Kxe7 19. Qxg7 Bd7 20. Re1+ Be6 21. c3 Qxb2 22. cxd4 Rc1 23. Rf1 Rxf1+ 24. Nxf1 Bd7 25. Qg3 1-0

[Event "*** SCC Grand Prix: Titled Tuesday Blitz"]
[Site "Chess.com"]
[Date "2020.09.29"]
[Round "2"]
[White "Matols"]
[Black "NikolaGry"]
[Result "0-1"]
[WhiteElo "2244"]
[BlackElo "2636"]
[TimeControl "180+1"]
[EndTime "10:16:23 PDT"]
[Termination "NikolaGry won on time"]

1. d4 d5 2. c4 Nc6 3. cxd5 Qxd5 4. Nf3 e5 5. Nc3 Bb4 6. e3 exd4 7. Nxd4 Nxd4 8.
Qxd4 Qxd4 9. exd4 Ne7 10. Be3 Be6 11. O-O-O O-O-O 12. Bd3 Nd5 13. Kc2 h6 14. Rhe1 Rhe8 15. Bd2 Bd6 16. a3 c6 17. g3 Be7 18. Rc1 Bf6 19. Be3 Nb6 20. Ne2 Bg4 21. Kb1 Bxe2 22. Bxe2 Nd5 23. Bg4+ Kc7 24. b4 a6 25. Kb2 Re7 26.
Kb3 Rde8 0-1

[Event "*** SCC Grand Prix: Titled Tuesday Blitz"]
[Site "Chess.com"]
[Date "2020.09.29"]
[Round "2"]
[White "Zmeeed63"]
[Black "Evgeny81"]
[Result "0-1"]
[WhiteElo "2367"]
[BlackElo "2668"]
[TimeControl "180+1"]
[EndTime "10:16:24 PDT"]
[Termination "Evgeny81 won by checkmate"]

1. d4 Nf6 2. c4 e5 3. dxe5 Ne4 4. Nd2 Nc5 5. Ngf3 Nc6 6. a3 a5 7. b3 d6 8. Bb2 Bf5 9. e3 Nd3+ 10. Bxd3 Bxd3 11. Qc1 dxe5 12. Nxe5 Nxe5 13. Bxe5 Qg5 14. Qc3 Qxg2 15. Qxd3 Qxh1+ 16. Ke2 Qc6 17. Nf3 Qg6 18.
e4 Rd8 19. Qe3 Qc6 20. Rg1 f6 21. Bb2 Bc5 22. Bd4 Bxd4 23. Nxd4 Qd7 24. Nf5 g6 25.
Nh6 Qd4 26. Ng4 Kf7 27. Nh6+ Ke7 28. Qf4 Qd3+ 29. Ke1 Qd1# 0-1

[Event "*** SCC Grand Prix: Titled Tuesday Blitz"]
[Site "Chess.com"]
[Date "2020.09.29"]
[Round "2"]
[White "ARTHURMOTIVATOR"]
[Black "Ziachess74"]
[Result "0-1"]
[WhiteElo "2358"]
[BlackElo "2660"]
[TimeControl "180+1"]
[EndTime "10:16:24 PDT"]
[Termination "Ziachess74 won by resignation"]

1. e4 c5 2. b3 g6 3. Bb2 Nf6 4.
e5 Nd5 5. Nf3 Bg7 6. d4 Qa5+ 7.
c3 cxd4 8. Qxd4 Nc6 9. Qe4 f5 10. exf6 Nxf6 11. Qc2 d5 12. Nbd2 e5 13. b4 Qc7 14. a3 Bf5 15. Qb3 e4 16. Nd4 Nxd4 17. cxd4 O-O 18. Be2 Bg4 19. Rc1 Qf7 20. Qe3 Bxe2 21.
Qxe2 Nh5 22. g3 Qd7 23. O-O Rae8 24. Rfe1 Bh6 25. Rc5 e3 26. fxe3 Bxe3+ 27. Kh1 Bf2 0-1

[Event "*** SCC Grand Prix: Titled Tuesday Blitz"]
[Site "Chess.com"]
[Date "2020.09.29"]
[Round "2"]
[White "paulrusan"]
[Black "Goryachkina"]
[Result "1/2-1/2"]
[WhiteElo "2277"]
[BlackElo "2635"]
[TimeControl "180+1"]
[EndTime "10:16:24 PDT"]
[Termination "Game drawn by repetition"]

1. e4 e6 2. Nf3 d5 3. e5 c5 4.
b4 b6 5. c3 d4 6. bxc5 bxc5 7. Bb5+ Bd7 8. Qe2 Bxb5 9. Qxb5+ Qd7 10. a4 a6 11. Qxd7+ Nxd7 12. cxd4 cxd4 13. Bb2 Bc5 14.
O-O Rb8 15. Bxd4 Bxd4 16. Nxd4 Nxe5 17. Nc3 Ne7 18. Rab1 O-O 19. Rxb8 Rxb8 20. Rb1 Rxb1+ 21. Nxb1 Kf8 22. Nc3 Nc4 23. Ne4 Nd5 24. d3 Ne5 25.
Nc5 Nc7 26. f4 Ng6 27. g3 Ke7 28. Kf2 Kd6 29. Ne4+ Kd5 30. Ke3 h6 31. h4 f5 32.
h5 Ne7 33. Nc3+ Kd6 34. Nb3 Nc6 35. d4 Nd5+ 36. Nxd5 Kxd5 37. Kd3 Nb4+ 38. Kc3 Na2+ 39. Kd3 Nb4+ 40. Kc3 Nc6 41. Kd3 Nb4+ 1/2-1/2

[Event "*** SCC Grand Prix: Titled Tuesday Blitz"]
[Site "Chess.com"]
[Date "2020.09.29"]
[Round "2"]
[White "Msb2"]
[Black "UCantHandleDenker"]
[Result "1-0"]
[WhiteElo "2912"]
[BlackElo "2571"]
[TimeControl "180+1"]
[EndTime "10:16:25 PDT"]
[Termination "Msb2 won on time"]

1. d4 Nf6 2. c4 g6 3. Nc3 Bg7 4.
e4 d6 5. Be2 O-O 6. Be3 c5 7.
d5 e6 8. Nf3 exd5 9. cxd5 a6 10. a4 Ng4 11. Bg5 Qc7 12. Nd2 Ne5 13. f4 Ned7 14. O-O Re8 15. Kh1 b6 16. Bf3 Bb7 17. Nc4 b5 18. axb5 Nb6 19. Na5 N8d7 20. e5 Ra7 21.
exd6 Qxd6 22. Nxb7 Rxb7 23. bxa6 Rbb8 24. Nb5 Qf8 25. a7 Rbc8 26. d6 Bxb2 27. Ra2 Bg7 28. Nc7 c4 29. Nxe8 Qxe8 30. Re1 Qf8 31. Be7 Qe8 32. Bb7 c3 33. Bxc8 Qxc8 34. Qf3 Na8 35. Rb1 c2 36. Rc1 Ndb6 37. Raxc2 Qd7 38. Rc8+ 1-0

[Event "*** SCC Grand Prix: Titled Tuesday Blitz"]
[Site "Chess.com"]
[Date "2020.09.29"]
[Round "2"]
[White "Agnes66678"]
[Black "VMikhalevski"]
[Result "0-1"]
[WhiteElo "2475"]
[BlackElo "2726"]
[TimeControl "180+1"]
[EndTime "10:16:25 PDT"]
[Termination "VMikhalevski won by resignation"]

1. Nf3 Nf6 2. g3 d5 3. Bg2 c6 4. O-O Bg4 5. h3 Bh5 6. d3 e6 7.
c4 Nbd7 8. cxd5 exd5 9. Nc3 Bc5 10. e4 dxe4 11. dxe4 O-O 12. Qc2 Re8 13. Nh4 Ne5 14. Bg5 h6 15. Bf4 Qd3 16. Rac1 Qxc2 17. Rxc2 Nd3 18.
Bd2 Rad8 19. g4 Nb4 20. Rfc1 Nxc2 21. Rxc2 Bg6 22. Nxg6 fxg6 23. Kf1 g5 24. f3 Nd7 25.
Ne2 Bb6 26. Ng3 Ne5 27. Bc3 g6 28. Bxe5 Rxe5 29. Ke2 Rc5 30. Rxc5 Bxc5 31. Nf1 Kf7 32. Nd2 Ke6 33. h4 gxh4 34. f4 g5 35. f5+ Ke5 36.
Nf3+ Kf4 37. e5 Kxg4 38. f6 Kg3 39. e6 Kxg2 40. Ne5 Re8 0-1

[Event "*** SCC Grand Prix: Titled Tuesday Blitz"]
[Site "Chess.com"]
[Date "2020.09.29"]
[Round "2"]
[White "ChessArchitect64"]
[Black "PlotnikovPavel"]
[Result "0-1"]
[WhiteElo "1984"]
[BlackElo "2370"]
[TimeControl "180+1"]
[EndTime "10:16:27 PDT"]
[Termination "PlotnikovPavel won on time"]

1. e4 e5 2. Nf3 Nc6 3. Bb5 a6 4. Ba4 Nf6 5. O-O Nxe4 6. d4 b5 7. Bb3 d5 8. dxe5 Be6 9. Nbd2 Nc5 10. Nb1 Be7 11. Be3 Nd7 12. Bf4 Nb6 13. Nbd2 O-O 14.
c3 d4 15. cxd4 Nxd4 16. Bxe6 fxe6 17. Bg3 Nf5 18. Ne4 Qe8 19. Qb3 Nc4 20. Ned2 Qc6 21. Rac1 Nxd2 22. Rxc6 Nxb3 23. axb3 Rac8 24. Rxe6 c6 25. Rc1 Rfd8 26. h3 Kf7 27. Rexc6 Rxc6 28. Rxc6 Rd3 29. Rxa6 Rxb3 30. Ra2 Bc5 31. Bf4 Rb4 32.
Bd2 Rb3 33. Ng5+ Kg6 34. Ne4 Bd4 35. Bc3 Bxc3 36. bxc3 Ne7 0-1

[Event "*** SCC Grand Prix: Titled Tuesday Blitz"]
[Site "Chess.com"]
[Date "2020.09.29"]
[Round "2"]
[White "Iskusnyh"]
[Black "Gordima"]
[Result "1/2-1/2"]
[WhiteElo "2547"]
[BlackElo "2847"]
[TimeControl "180+1"]
[EndTime "10:16:28 PDT"]
[Termination "Game drawn by repetition"]

1. d4 d5 2. c4 e6 3. Nf3 Nf6 4. g3 dxc4 5. Bg2 Nc6 6. O-O Rb8 7. Ne5 Nxe5 8. dxe5 Qxd1 9. Rxd1 Nd5 10. Bxd5 exd5 11.
Rxd5 Be6 12. Rd1 Bc5 13. Nc3 h6 14. Nd5 Rc8 15. Be3 Bxd5 16. Bxc5 Be6 17. Rd2 b6 18. Bb4 a5 19. Bc3 g5 20. Rad1 Ke7 21. f4 gxf4 22. gxf4 Bf5 23. Kf2 Rhg8 24. Rd4 Rcd8 25.
Rxd8 Rxd8 26. Rxd8 Kxd8 27. Kf3 Bb1 28. a3 Kd7 29. e4 Bc2 30. f5 Bd1+ 31. Ke3 c5 32. h4 Kc6 33. Kf4 Kd7 34. Bd2 Bc2 35. Bc3 Bd1 36. Bd2 Bc2 37. Bc3 Bd1 1/2-1/2

[Event "*** SCC Grand Prix: Titled Tuesday Blitz"]
[Site "Chess.com"]
[Date "2020.09.29"]
[Round "2"]
[White "chegueps"]
[Black "BJthechessgod"]
[Result "1-0"]
[WhiteElo "2471"]
[BlackElo "2298"]
[TimeControl "180+1"]
[EndTime "10:16:28 PDT"]
[Termination "chegueps won by checkmate"]

1. e4 c5 2. Nc3 Nc6 3. g3 g6 4. Bg2 Bg7 5. Nge2 d6 6. O-O Nf6 7. h3 O-O 8. d4 cxd4 9. Nxd4 Nxd4 10. Qxd4 Be6 11. Be3 Ng4 12. Qd2 Nxe3 13. Qxe3 Rc8 14.
Rfc1 Qa5 15. Nd1 h5 16. c3 Kh7 17. Kh2 Bh6 18. f4 h4 19. g4 g5 20. f5 Qe5+ 21.
Kh1 Bd7 22. Nf2 Bb5 23. a4 Ba6 24. Bf1 Bxf1 25. Rxf1 Rc4 26. Rfe1 b6 27. Nd3 Qa5 28. e5 dxe5 29. Nxe5 Rxa4 30. Rad1 Kg7 31. Nd7 Re8 32. f6+ Kh8 33. Qxe7 Rf8 34. Nxf8 Rxg4 35. Ng6+ fxg6 36. Qe8+ Kh7 37. Qf7+ Bg7 38. Qxg7# 1-0

[Event "*** SCC Grand Prix: Titled Tuesday Blitz"]
[Site "Chess.com"]
[Date "2020.09.29"]
[Round "2"]
[White "salomez"]
[Black "gui_borba"]
[Result "0-1"]
[WhiteElo "2223"]
[BlackElo "2427"]
[TimeControl "180+1"]
[EndTime "10:16:28 PDT"]
[Termination "gui_borba won on time"]

1. e4 c6 2. d4 d5 3. e5 Bf5 4. Nf3 e6 5. Be2 h6 6. O-O Ne7 7. Nbd2 Nd7 8. Nb3 Bh7 9. c3 Ng6 10. h3 Be7 11. Nh2 O-O 12. f4 f5 13. exf6 Nxf6 14. Ng4 Nh4 15. Qe1 Nf5 16. Nxf6+ Bxf6 17. Bg4 Re8 18. Bd2 Bh4 19. Qe5 Ng3 20. Bxe6+ Kh8 21. Rfe1 Bf5 22. Nc5 b6 23. Nb7 Qb8 24. Qxb8 Raxb8 25. Bxf5 Nxf5 26. Rxe8+ Rxe8 27. g4 Ng3 28. Re1 Ne4 29. Re2 Rb8 30. Rxe4 dxe4 31. Nd6 Rd8 32. Nxe4 Re8 33. Nd6 Re2 0-1

[Event "*** SCC Grand Prix: Titled Tuesday Blitz"]
[Site "Chess.com"]
[Date "2020.09.29"]
[Round "2"]
[White "wonderfultime"]
[Black "davidkalashian"]
[Result "1-0"]
[WhiteElo "2920"]
[BlackElo "2575"]
[TimeControl "180+1"]
[EndTime "10:16:30 PDT"]
[Termination "wonderfultime won by resignation"]

1. d4 Nf6 2. Nf3 e6 3. Bf4 b6 4. e3 Bb7 5. Bd3 Be7 6. O-O Nh5 7. Bg3 Nxg3 8. hxg3 O-O 9. Nbd2 c5 10. c3 cxd4 11.
cxd4 d6 12. Rc1 Nd7 13. Qc2 h6 14. Qc7 Rb8 15. Rc2 Nf6 16. Rfc1 Qxc7 17. Rxc7 Nd5 18.
Rd7 Rfd8 19. Rxd8+ Bxd8 20. Be4 Rc8 21. Rxc8 Bxc8 22. Bxd5 exd5 23. Nb1 Bb7 24. Nc3 Bc6 25. Ne1 b5 26. Nd3 Ba5 27. a3 g5 28. Na2 Kf8 29.
g4 Ke7 30. f3 Ke6 31. Kf2 Bd8 32. Nac1 a5 33. Ne2 f5 34. gxf5+ Kxf5 35. g4+ Ke6 36.
Ng3 Bf6 37. b4 a4 38. Nc1 Be8 39.
Nce2 Bg6 40. Nc3 Bd3 41. Ke1 Bc4 42. Kd2 Bd8 43. Nf5 Bf6 44. Nxh6 Bd8 45. Nf5 Bf6 46.
Ng3 Bd8 47. Nh1 Bf6 48. Nf2 Bd8 49. Nfd1 Bf6 50. Nb2 Bf1 51. Ke1 Bc4 52. Nxc4 bxc4 53. Nxa4 Kd7 54. Nc3 Ke6 55. a4 Bd8 56. a5 1-0

[Event "*** SCC Grand Prix: Titled Tuesday Blitz"]
[Site "Chess.com"]
[Date "2020.09.29"]
[Round "2"]
[White "Konavets"]
[Black "stanyga"]
[Result "1-0"]
[WhiteElo "2985"]
[BlackElo "2602"]
[TimeControl "180+1"]
[EndTime "10:16:31 PDT"]
[Termination "Konavets won by checkmate"]

1. d4 Nf6 2. Nf3 g6 3. c4 Bg7 4.
Nc3 d5 5. cxd5 Nxd5 6. e4 Nxc3 7. bxc3 c5 8. Rb1 O-O 9. Be2 Qa5 10. Bd2 b6 11. O-O Nd7 12. a4 Nf6 13. Ng5 h6 14.
Bb5 c4 15. e5 hxg5 16. exf6 Bxf6 17. Bxc4 Bd7 18. Rb5 Bxb5 19. Bxb5 Rfd8 20. Qe2 a6 21. c4 Qxd2 22. Qxd2 Rxd4 23. Qe2 axb5 24. axb5 Ra4 25. Rc1 Rb4 26. h3 Kg7 27. g3 e6 28. Kg2 Rd8 29.
Rc2 Rb1 30. Rd2 Rxd2 31. Qxd2 Rb2 32. Qd6 Rc2 33. Qxb6 Rxc4 34. Qa6 Bd4 35. b6 Rc2 36. b7 Rxf2+ 37. Kh1 Rb2 38. Qd6 Rb1+ 39. Kg2 Rb2+ 40.
Kf1 Rxb7 41. Qxd4+ f6 42. Qe4 Re7 43. Ke2 e5 44. Kf3 Rd7 45. Qc6 Rd3+ 46. Kf2 Rd2+ 47. Ke3 Rd4 48. Qe6 g4 49. h4 Rd1 50. Qe7+ Kh6 51.
Qxf6 Re1+ 52. Kd2 Re4 53. Qh8# 1-0

[Event "*** SCC Grand Prix: Titled Tuesday Blitz"]
[Site "Chess.com"]
[Date "2020.09.29"]
[Round "2"]
[White "FMJoseHerrera"]
[Black "Anton_Demchenko"]
[Result "1-0"]
[WhiteElo "2545"]
[BlackElo "2820"]
[TimeControl "180+1"]
[EndTime "10:16:33 PDT"]
[Termination "FMJoseHerrera won on time"]

1. Nf3 Nf6 2. g3 g6 3. Bg2 Bg7 4. d3 O-O 5. Nc3 d6 6. h4 h5 7.
Bg5 c5 8. Qd2 Nc6 9. O-O Bd7 10.
Bh6 Rb8 11. Bxg7 Kxg7 12. a4 a6 13. b3 b5 14. axb5 axb5 15. Ng5 e6 16. e3 d5 17. Ne2 Qe7 18. Rfd1 Ra8 19. c4 bxc4 20. dxc4 Nb4 21. Nf4 Rxa1 22. Rxa1 Bc6 23. Rc1 Rc8 24. cxd5 exd5 25. Bh3 Re8 26. Qc3 Na2 27. Qxc5 Nxc1 28. Qxc6 Nxb3 29. Nxd5 Nxd5 30. Qxd5 Rb8 31. Nxf7 Nc5 32.
Ng5 Rb6 33. Qd4+ Kg8 34. Bg2 Rd6 35. Qc4+ Kg7 36. Kh2 Nd7 37. Qc3+ Nf6 38. e4 1-0

[Event "*** SCC Grand Prix: Titled Tuesday Blitz"]
[Site "Chess.com"]
[Date "2020.09.29"]
[Round "2"]
[White "Witik"]
[Black "DanielTitichoca"]
[Result "1-0"]
[WhiteElo "2675"]
[BlackElo "2376"]
[TimeControl "180+1"]
[EndTime "10:16:33 PDT"]
[Termination "Witik won by checkmate"]

1. d4 Nf6 2. c4 g6 3. Nc3 Bg7 4. e4 O-O 5. f3 d6 6. Be3 c5 7. Nge2 cxd4 8. Nxd4 Nc6 9. Nc2 Nd7 10. Be2 a5 11.
O-O a4 12. Na3 Nc5 13. Rc1 f5 14. exf5 Bxf5 15. Nab5 Kh8 16. Kh1 Nb4 17. Qd2 Nbd3 18. Rcd1 Qa5 19. g4 a3 20. gxf5 Nxb2 21. fxg6 hxg6 22.
Rc1 Qb4 23. Qc2 Nxc4 24. Qxg6 Nxe3 25. Rg1 Nf5 26. Rg4 Qb2 27. Rcg1 Qd2 28. Rh4+ Bh6 29. f4 Rg8 30. Rxh6+ Nxh6 31. Qxh6# 1-0

[Event "*** SCC Grand Prix: Titled Tuesday Blitz"]
[Site "Chess.com"]
[Date "2020.09.29"]
[Round "2"]
[White "GMaka"]
[Black "Trovita84"]
[Result "1-0"]
[WhiteElo "2369"]
[BlackElo "1976"]
[TimeControl "180+1"]
[EndTime "10:16:33 PDT"]
[Termination "GMaka won by resignation"]

1. e4 e5 2. Nc3 Nf6 3. Bc4 Be7 4. Nge2 O-O 5. d3 c6 6. O-O d5 7. Bb3 dxe4 8. dxe4 Bg4 9. f3 Bh5 10. Qxd8 Rxd8 11. Be3 Nbd7 12. Ng3 Bg6 13. Nf5 Bxf5 14. exf5 Bc5 15. Kf2 Bxe3+ 16. Kxe3 Nb6 17. Rad1 Nbd5+ 18. Nxd5 Nxd5+ 19. Kf2 Kf8 20. Rfe1 f6 21. g3 a5 22. a3 a4 23. Ba2 b5 24. f4 exf4 25. Bxd5 fxg3+ 26. hxg3 cxd5 27. Re6 Rac8 28. c3 d4 29.
cxd4 Rc2+ 30. Re2 Rdc8 31. Rdd2 Rxd2 32. Rxd2 Ke7 33. Ke3 Kd6 34. g4 Rc1 35. d5 Rg1 36. Rd4 Rb1 37. Rb4 Kxd5 38. Rxb5+ Kc6 39. Rb4 Kc5 40.
Kf4 Rf1+ 41. Kg3 Rb1 42. Rxa4 Rxb2 43. Ra7 Rb3+ 44. Kh4 g6 45. Rxh7 gxf5 46. gxf5 Rxa3 47. Kh5 Rh3+ 48. Kg6 Rxh7 49. Kxh7 Kd5 50. Kg7 Ke5 51.
Kg6 Kd6 52. Kxf6 Kd7 53. Kf7 1-0